 Dungeon Crawl Stone Soup version 0.29-a0-559-g359e09b9d1 (webtiles) character file.

Game seed: 11927055873992003522

209 kae the Firebug (level 5, -5/29 HPs)
             Began as a Deep Elf Fire Elementalist on June 9, 2022.
             Slain by Edmund
             ... wielding a +2 flail of protection
              (12 damage)
             ... on level 5 of the Dungeon.
             The game lasted 00:02:15 (4554 turns).

kae the Firebug (Deep Elf Fire Elementalist)        Turns: 4554, Time: 00:02:16

Health: -5/29      AC:  3    Str:  5    XL:     5   Next: 55%
Magic:  1/22       EV: 12    Int: 22    God:
Gold:   108        SH:  0    Dex: 15    Spells: 3/12 levels left

rFire   + . .      SeeInvis .   l - +1 war axe
rCold   . . .      Faith    .   (no shield)
rNeg    . . .      Spirit   .   D - +0 robe {rF+}
rPois   .          Reflect  .   (no helmet)
rElec   .          Harm     .   (no cloak)
rCorr   .          Rampage  .   k - +0 pair of gloves
Will    .....                   (no boots)
Stlth   ++........              t - amulet of regeneration
HPRegen 0.89/turn               w - ring of magical power
MPRegen 0.18/turn               (no ring)

@: no status effects
A: no striking features
a: no special abilities


You were on level 5 of the Dungeon.
You visited 1 branch of the dungeon, and saw 5 of its levels.

You collected 200 gold pieces.
You spent 92 gold pieces at shops.

Inventory:

Hand Weapons
 l - a +1 war axe (weapon)
Missiles
 g - a throwing net
Armour
 a - a +0 robe
 k - a +0 pair of gloves (worn)
 D - a +0 robe of fire resistance (worn)
Jewellery
 t - an amulet of regeneration (around neck)
 w - a ring of magical power (left hand)
Wands
 n - a wand of iceblast (7)
 v - a wand of digging (6)
Scrolls
 f - a scroll of fog
 o - a scroll of noise
 q - 3 scrolls of teleportation
 y - a scroll of magic mapping
 C - a scroll of amnesia
Potions
 b - a potion of magic
 c - 2 potions of heal wounds
 d - 3 potions of degeneration
 e - a potion of invisibility {unknown}
 h - a potion of mutation {unknown}
 i - a potion of might {unknown}
 j - 2 potions of curing
 m - a potion of lignification {unknown}
 r - a potion of attraction {unknown}
 u - 2 potions of brilliance {unknown}
 z - a potion of cancellation {unknown}


   Skills:
 + Level 1.5 Fighting
 - Level 2.4 Dodging
 - Level 2.4 Stealth
 + Level 4.2 Spellcasting
 * Level 3.5 Conjurations
 * Level 4.8 Fire Magic


You had 3 spell levels left.
You knew the following spells:

 Your Spells              Type           Power      Damage    Failure   Level
a - Foxfire               Conj/Fire      92%        2x1d8     1%          1
b - Scorch                Fire           50%        2d7       2%          2
c - Conjure Flame         Conj/Fire      23%        6-21      6%          3
d - Inner Flame           Hex/Fire       15%        N/A       12%         3

Your spell library contained the following spells:

 Spells                   Type           Power      Damage    Failure   Level
 Magic Dart               Conj           80%        1d7       2%          1
 Searing Ray              Conj           40%        2d5       3%          2
 Ensorcelled Hibernation  Hex/Ice        8%         N/A       17%         2
 Passwall                 Tmut/Erth      3%         N/A       17%         2
 Poisonous Vapours        Pois/Air       8%         N/A       17%         2
 Frozen Ramparts          Ice            8%         1d2       32%         3
 Gell's Gravitas          Tloc           4%         N/A       32%         3
 Swiftness                Air            4%         N/A       32%         3
 Teleport Other           Tloc           4%         N/A       32%         3
 Flame Wave               Conj/Fire      23%        2d7       19%         4
 Fulminant Prism          Conj/Hex       6%         3d7       45%         4
 Corpse Rot               Necr/Pois/Air  4%         N/A       73%         4
 Ice Form                 Ice/Tmut       4%         N/A       73%         4
 Summon Ice Beast         Ice/Summ       4%         N/A       73%         4
 Dispersal                Tloc           2%         N/A       100%        6


Dungeon Overview and Level Annotations

Branches:
Dungeon (5/15)
 Temple: D:4-7

Altars:
Kikubaaqudgha
Nemelex Xobeh
Okawaru
Uskayaw
Beogh

Shops:
D:4 [:(

Annotations:
D:5 Edmund


Message History

Edmund is moderately wounded.
Casting: Foxfire (safe; 1% risk of failure)
Confirm with . or Enter, or press ? or * to list all spells.
Flames lash Edmund.
Edmund is heavily wounded.
Edmund's fire resistance burns away.
Casting: Scorch (safe; 2% risk of failure)
Confirm with . or Enter, or press ? or * to list all spells.
Flames lash Edmund.
Edmund is burned terribly!
Edmund is severely wounded.
Edmund drinks a potion.
Edmund is healed!
Casting: Scorch (safe; 2% risk of failure)
Confirm with . or Enter, or press ? or * to list all spells.
You conjure some foxfire!
Edmund barely misses you.
The foxfire hits Edmund but does no damage.
Edmund is heavily wounded.
Edmund closely misses you.
Casting: Foxfire (safe; 1% risk of failure)
Confirm with . or Enter, or press ? or * to list all spells.
Flames lash Edmund.
Edmund is burned terribly!
Edmund is severely wounded.
Edmund hits you with a +2 flail of protection.
Edmund misses you.
Casting: Scorch (safe; 2% risk of failure)
Confirm with . or Enter, or press ? or * to list all spells.
Flames lash Edmund.
Edmund is severely wounded.
Edmund closely misses you.
Edmund hits you with a +2 flail of protection.
Casting: Scorch (safe; 2% risk of failure)
Confirm with . or Enter, or press ? or * to list all spells.
Flames lash Edmund but do no damage.
Edmund hits you with a +2 flail of protection!
Edmund hits you with a +2 flail of protection!
* * * LOW HITPOINT WARNING * * *
Casting: Scorch (safe; 2% risk of failure)
Confirm with . or Enter, or press ? or * to list all spells.
Flames lash Edmund but do no damage.
Edmund hits you with a +2 flail of protection!
You die...

.... .# .... #. ... ..
####### #.. . . ##......#
#.#.# .. #<......# #.#.#
######...
#.......###..#.###<......>
#.........@@###.....§§....
#.......####.#.###........
#.......##.§....P§P..##...
##########.....§.P§..# ..
#.....#.§§P## .
#.....#§§.P# #............
###.#.#.##.##.. #.#.... .#
.


You could see Edmund (combustible).

Vanquished Creatures
  A black bear (D:4)
  A hound (D:4)
  An orc wizard (D:3)
  2 adders
  An adder zombie (D:5)
  A worm (D:3)
  8 orcs
  3 endoplasms
  2 goblins
  2 hobgoblins
  4 jackals
  2 kobolds (D:2)
  4 quokkas
  2 ball pythons (D:1)
  3 bats
  2 frilled lizards
  A rat (D:2)
40 creatures vanquished.

Vanquished Creatures (collateral kills)
  3 foxfires (D:5)
3 creatures vanquished.

Vanquished Creatures (others)
  169 foxfires
169 creatures vanquished.

Grand Total: 212 creatures vanquished

Notes
Turn   | Place    | Note
-------+----------+-------------------------------------------
     0 | D:1      | kae the Deep Elf Fire Elementalist began the quest for the
                  | Orb.
     0 | D:1      | Reached XP level 1. HP: 10/10 MP: 6/6
   829 | D:1      | Reached XP level 2. HP: 15/15 MP: 6/8
  1898 | D:2      | Reached XP level 3. HP: 20/20 MP: 7/9
  1975 | D:2      | Found a faded altar of an unknown god.
  2133 | D:2      | Learned a level 2 spell: Scorch
  2307 | D:2      | Learned a level 3 spell: Conjure Flame
  3141 | D:3      | Reached skill level 1 in Fighting
  3141 | D:3      | Reached XP level 4. HP: 18/25 MP: 4/11
  3681 | D:3      | Identified the +6 battleaxe of Sharkskin {distort, rPois
                  | Int+3 Dex-2}
  3697 | D:4      | Found a hide-covered altar of Uskayaw.
  3801 | D:4      | Noticed a black bear
  3807 | D:4      | Killed a black bear
  3808 | D:4      | Reached XP level 5. HP: 29/29 MP: 13/13
  3812 | D:4      | Learned a level 3 spell: Inner Flame
  3962 | D:4      | Found an ancient bone altar of Kikubaaqudgha.
  4001 | D:4      | Found Rorphuti's Book Emporium.
  4065 | D:4      | Found Yjyxt's Antique Armour Boutique.
  4074 | D:4      | Bought an embroidered robe for 92 gold pieces
  4127 | D:4      | Found an iron altar of Okawaru.
  4149 | D:5      | Entered Level 5 of the Dungeon
  4149 | D:5      | Noticed Edmund
  4255 | D:4      | Found a sparkling altar of Nemelex Xobeh.
  4381 | D:4      | Found Felagh's Weapon Shop.
  4554 | D:5      | Slain by Edmund

Illustrated notes

Levels and vault maps discovered:
D:1:      lemuel_arrival_behind_the_door_large, layout_loops_corners,
          chequers_decorated_corner, minmay_misc_feat_roman
D:2:      layout_basic, hellmonk_ecumenical_altar_defaced_shrine
D:3:      layout_basic
D:4:      layout_basic, mainiacjoe_overflow_alcove_1,
          mainiacjoe_overflow_alcove_2, mainiacjoe_overflow_24_doors,
          mainiacjoe_overflow_concentric_impassable, serial_shops,
          nicolae_shop_waterfront, nicolae_lakefront_shop, shop_fountains
D:5:      layout_loops_cross, trog_antimagical, serial_undead, serial_undead_c,
          serial_undead_e, serial_undead_b, serial_undead_e, serial_undead_c,
          minmay_diced_spiral, uniq_edmund, uniq_duvessa

Skill      XL: |  1  2  3  4 |
---------------+-------------+-----
Conjurations   | 2 3 |  3.5
Fighting       | 1 |  1.5
Fire Magic     | 4 |  4.8
Spellcasting   | 4 |  4.2
Dodging        | |  2.4
Stealth        | |  2.4

Action                   |  1- 3 |  4- 6 || total
-------------------------+-------+-------++-------
Melee: Unarmed           |     2 |       ||     2
 Cast: Foxfire           |    73 |    30 ||   103
       Scorch            |     2 |    14 ||    16
       Conjure Flame     |       |     1 ||     1
  Use: Scroll            |     6 |     7 ||    13
Armor: Robe              |     6 |       ||     6
Dodge: Dodged            |     9 |     8 ||    17

Table legend: (Time is in decaauts)
 A = Elapsed time spent in this place.
 B = Non-inter-level travel time spent in this place.
 C = Inter-level travel time spent in this place.
 D = Time resting spent in this place.
 E = Time spent auto-exploring this place.
 F = Levels seen in this place.
 G = Mean time per level.
                   A        B        C        D        E       F      G
               +--------+--------+--------+--------+--------+-----+--------+
         Total |   4553 |   4367 |    186 |    103 |   3785 |   5 |  910.6 |
       Dungeon |   4553 |   4367 |    186 |    103 |   3785 |   5 |  910.6 |
               +--------+--------+--------+--------+--------+-----+--------+

Top non-repeatable levels by time:
     D:2: 1461 daAuts
     D:1: 1384 daAuts
     D:3: 850 daAuts
     D:4: 756 daAuts
     D:5: 100 daAuts
